 Dungeon Crawl Stone Soup version 0.31-a0-981-geadf994542 (webtiles) character file.

Game seed: 15034689084874177881

236 sokol815 the Poker (level 6, 0/36 (42) HPs)
             Began as an Octopode Fighter on Nov 1, 2023.
             Slain by Edmund
             ... wielding a +4 flail of draining
              (10 damage)
             ... on level 4 of the Dungeon.
             The game lasted 00:04:13 (3225 turns).

sokol815 the Poker (Octopode Fighter)               Turns: 3225, Time: 00:04:14

HP:   0/36 (42)     AC:  1    Str: 15    XL:     6   Next: 6%
MP:   6/6           EV: 13    Int: 11    God:
Gold: 155           SH:  4    Dex: 13    Spells: 5/5 levels left

rFire   . . .        a - +0 trident
rCold   . . .        b - +0 buckler
rNeg    . . .        (helmet restricted)
rPois   +            (no amulet)
rElec   .            P - ring of poison resistance {rPois, !d}
rCorr   .            (no ring)
SInv    .            (no ring)
Will    .....        (no ring)
Stlth   ++           (no ring)
HPRegen 0.26/turn    (no ring)
MPRegen 0.10/turn    (no ring)
                     (no ring)

%: no passive effects
@: heavily drained
A: almost no armour, amphibious, 8 rings, camouflage 1, gelatinous body 1,
(nimble swimmer 1), tentacles
a: no special abilities


You were on level 4 of the Dungeon.
You visited 1 branch of the dungeon, and saw 4 of its levels.

You collected 155 gold pieces.

Inventory:

Hand Weapons
 a - a +0 trident (weapon)
 h - a +0 short sword of freezing
   (You found it on level 1 of the Dungeon)
 k - a +2 rapier of draining
   (You found it on level 2 of the Dungeon)
Missiles
 g - 4 poisoned darts
 i - 2 throwing nets {!d}
 s - 23 stones
Armour
 b - a +0 buckler (worn)
Jewellery
 P - a ring of poison resistance (left tentacle) {rPois, !d}
   (You found it on level 4 of the Dungeon)
Scrolls
 c - a scroll of poison {unknown}
 e - a scroll of silence {unknown}
 j - a scroll of enchant weapon {unknown}
 V - a scroll of vulnerability {!r!r}
 Y - a scroll of teleportation {@r3}
Potions
 d - a potion of enlightenment {unknown}
 f - a potion of cancellation
 l - a potion of attraction {!q}
 m - a potion of might
 J - 2 potions of curing {@q1}
 M - a potion of magic
 N - 4 potions of heal wounds {@q2}


   Skills:
 - Level 3.0 Fighting
 + Level 6.1 Polearms
 - Level 3.0 Dodging
 - Level 3.0 Shields


You had 5 spell levels left.
You didn't know any spells.
Your spell library was empty.

Dungeon Overview and Level Annotations

Branches:
Dungeon (4/15) Zot: 20748
 Temple: D:4-7

Altars:

Annotations:
D:1 1 transporter
D:3 1 runed translucent door, exclusion: frilled lizard, Sigmund; jpeg9000's ghost, amateur DrSh
D:4 Edmund


Innate Abilities, Weirdness & Mutations

You cannot wear most types of armour.
You are amphibious.
You can wear up to eight rings at the same time.
Your skin changes colour to match your surroundings (Stealth+).
Your rubbery body absorbs attacks. (AC +1, EV +1)
((You are camouflaged when in or above water. (Stealth+)))
You have tentacles for arms and can constrict up to eight enemies at once.


Message History

You barely miss Natasha. Your grab misses Natasha. Natasha barely misses you.
You closely miss Natasha. Your grab misses Natasha. You tentacle-slap Natasha.
Your squeeze misses Natasha.
Natasha stares at you and mumbles some strange words.
The magic dart hits you!
You take 12 damage, and have 24/36 hp.
MASSIVE DAMAGE!!
You barely miss Natasha. Your grab misses Natasha. Natasha claws you.
You puncture Natasha! You grab Natasha. You constrict Natasha.
Natasha hisses.
Natasha barely misses you.
You hit Natasha. You constrict Natasha. Natasha casts a spell at you.
You feel yourself slow down.
You puncture Natasha!
You kill Natasha!
You feel Natasha's spirit has finally been put to rest.
You see here the felid corpse of Natasha.
You feel yourself speed up.
Health restored: 36 Partly explored, unopened runed door.
There is a stone staircase leading down here.
You climb downwards.
Found 10 gold pieces.
Found a stone staircase leading down.
There is a stone staircase leading up here.
You now have 155 gold pieces (gained 10).
An endoplasm comes into view.
You reach to attack!
You hit the endoplasm. You hit the endoplasm but do no damage.
You squeeze the endoplasm.
You kill the endoplasm!
No target in view!
J - 2 potions of curing {@q1} (gained 1)
e - a scroll labelled KUEMPIGIUSM
P - a ring of poison resistance {rPois, !d} Edmund the Younger comes into view.
He is wielding a +4 flail of draining.
P - a ring of poison resistance (left tentacle) {rPois, !d} Edmund shouts!
Found an escape hatch in the floor.
A sleepcap comes into view.
You reach to attack!
You hit Edmund but do no damage. You puncture Edmund! You grab Edmund.
You constrict Edmund.
Edmund hits you with a +4 flail of draining.
You feel drained.
You take 6 damage, and have 30/34 hp.
You hit Edmund. You squeeze Edmund, but do no damage. You constrict Edmund.
Edmund hits you with a +4 flail of draining.
You feel drained.
You take 9 damage, and have 21/33 hp.
MASSIVE DAMAGE!!
You hit the sleepcap. You grab the sleepcap. You constrict Edmund.
You constrict the sleepcap. The sleepcap barely misses you.
You block Edmund's attack.
You hit the sleepcap but do no damage. You squeeze the sleepcap!
You constrict Edmund, but do no damage. You constrict the sleepcap.
The sleepcap releases spores at you.
Edmund hits you with a +4 flail of draining!
* * * LOW HITPOINT WARNING * * *
You feel drained.
* * * LOW HITPOINT WARNING * * *
You take 15 damage, and have 6/31 hp.
MASSIVE DAMAGE!!
You feel much better.
You constrict Edmund, but do no damage. You constrict the sleepcap.
You block Edmund's attack. The sleepcap barely misses you.
Health restored: 31 You release your grip on Edmund.
You release your grip on the sleepcap.
The sleepcap attacks as it pursues you! You block the sleepcap's attack.
You hit the sleepcap. You grab the sleepcap. You constrict the sleepcap.
The sleepcap completely misses you.
You hit the sleepcap but do no damage. You constrict the sleepcap.
You block the sleepcap's attack.
You hit the sleepcap but do no damage.
You squeeze the sleepcap, but do no damage.
You constrict the sleepcap, but do no damage.
You block the sleepcap's attack.
You hit the sleepcap.
You destroy the sleepcap!
Edmund closely misses you.
Your Polearms skill increases to level 6!
You have reached level 6!
You regained 5 hp, and now have 36/39 hp.
MP restored: 6 You barely miss Edmund.
You grab Edmund. You squeeze Edmund, but do no damage.
You constrict Edmund, but do no damage.
Edmund hits you with a +4 flail of draining!
You feel drained.
You take 15 damage, and have 21/37 hp.
MASSIVE DAMAGE!!
You hit Edmund. You constrict Edmund. Edmund barely misses you.
You puncture Edmund! You constrict Edmund. Edmund barely misses you.
You hit Edmund. You constrict Edmund.
Edmund hits you with a +4 flail of draining!
You feel drained.
* * * LOW HITPOINT WARNING * * *
You take 13 damage, and have 9/36 hp.
MASSIVE DAMAGE!!
You hit Edmund. You constrict Edmund.
Edmund hits you with a +4 flail of draining!
You die...
Edmund says, "That'll show my brother!"

##.# #.###.# ##[..#
#.....# #..... #######.
#...... #.....
........####.....#
#.....##.............#..#
#.........#.######......#
#........##.# #.......
#>...###@# .# #.###.##
#..#####@##)# #.##.... #.
#.......# ##.##.... #
#.##.#..# #..##.... #
#.#..# #.###.... ..#..#
#.# #.... ####..# #.#
##..# ...####..# #.# #...
.........#####.#####.#
#######.##.......###.#


You could see Edmund.

Vanquished Creatures
  A sleepcap (D:4)
  Natasha (thrice) (D:3)
  3 gnolls
  5 adders
  2 endoplasms
  2 giant cockroaches (D:2)
  8 goblins
  12 hobgoblins
  3 quokkas
  8 ball pythons
  6 bats
  2 frilled lizards
  5 kobolds
  4 rats
64 creatures vanquished.

Notes
Turn   | Place    | Note
-------+----------+-------------------------------------------
     0 | D:1      | sokol815 the Octopode Fighter began the quest for the Orb.
     0 | D:1      | Reached XP level 1. HP: 16/16 MP: 1/1
   259 | D:1      | Reached XP level 2. HP: 21/21 MP: 2/2
   640 | D:1      | Reached skill level 3 in Polearms
  1032 | D:2      | Reached XP level 3. HP: 22/26 MP: 3/3
  1050 | D:2      | HP: 5/26 [gnoll/+0 flail (7)]
  1226 | D:2      | Reached skill level 4 in Polearms
  1464 | D:2      | Reached XP level 4. HP: 26/31 MP: 4/4
  2429 | D:3      | Noticed Sigmund
  2481 | D:3      | Reached skill level 5 in Polearms
  2481 | D:3      | Reached XP level 5. HP: 29/36 MP: 5/5
  2536 | D:3      | Found a faded altar of an unknown god.
  2664 | D:3      | Noticed Natasha
  2672 | D:3      | Killed Natasha
  2743 | D:3      | Found a runed translucent door.
  2747 | D:3      | Noticed jpeg9000's ghost (amateur DrSh)
  2808 | D:3      | Noticed Natasha
  2813 | D:3      | Killed Natasha
  2985 | D:3      | Noticed Natasha
  2998 | D:3      | Killed Natasha
  3204 | D:4      | Noticed Edmund
  3212 | D:4      | HP: 7/33 [Edmund/+4 flail of draining (11)]
  3221 | D:4      | Reached skill level 6 in Polearms
  3221 | D:4      | Reached XP level 6. HP: 36/39 MP: 6/6
  3224 | D:4      | HP: 9/36 [Edmund/+4 flail of draining (4)]
  3225 | D:4      | Slain by Edmund

Illustrated notes

Levels and vault maps discovered:
D:1:      spicycebolla_arrival_risky_transporter, layout_basic
D:2:      layout_basic, amcnicky_mini_corridor_feature
D:3:      layout_basic, ebering_ghost_sewer_f, nicolae_ecumenical_lake_church,
          uniq_natasha, uniq_sigmund
D:4:      layout_loops_ring, minmay_temple_entry_overgrown, uniq_edmund

Skill      XL: |  1  2  3  4  5 |
---------------+----------------+-----
Polearms       | 3 4 5 6 |  6.1
Fighting       | |  3.0
Dodging        | |  3.0
Shields        | |  3.0

Action                     |  1- 3 |  4- 6 || total
---------------------------+-------+-------++-------
  Melee: Trident           |    49 |   107 ||   156
         Constrict         |     9 |    24 ||    33
         Tentacles         |     6 |    15 ||    21
         Punch             |       |     1 ||     1
    Use: Scroll            |       |     7 ||     7
         Potion            |       |     1 ||     1
   Stab: Sleeping          |     8 |    13 ||    21
         Distracted        |     1 |       ||     1
 Armour: Skin              |    15 |    27 ||    42
  Dodge: Dodged            |    17 |    35 ||    52
  Block: Buckler           |     7 |    12 ||    19

Table legend: (Time is in decaauts)
 A = Elapsed time spent in this place.
 B = Non-inter-level travel time spent in this place.
 C = Inter-level travel time spent in this place.
 D = Time resting spent in this place.
 E = Time spent auto-exploring this place.
 F = Levels seen in this place.
 G = Mean time per level.
                   A        B        C        D        E       F      G
               +--------+--------+--------+--------+--------+-----+--------+
         Total |   3250 |   3117 |    133 |    150 |   2524 |   4 |  812.5 |
       Dungeon |   3250 |   3117 |    133 |    150 |   2524 |   4 |  812.5 |
               +--------+--------+--------+--------+--------+-----+--------+

Top non-repeatable levels by time:
     D:1: 1189 daAuts
     D:2: 1035 daAuts
     D:3: 876 daAuts
     D:4: 148 daAuts

Levels and vault maps discovered:
D:1:      spicycebolla_arrival_risky_transporter, layout_basic
D:2:      layout_basic, amcnicky_mini_corridor_feature
D:3:      layout_basic, ebering_ghost_sewer_f, nicolae_ecumenical_lake_church,
          uniq_natasha, uniq_sigmund
D:4:      layout_loops_ring, minmay_temple_entry_overgrown, uniq_edmund

Table legend: (Time is in decaauts)
 A = Elapsed time spent in this place.
 B = Non-inter-level travel time spent in this place.
 C = Inter-level travel time spent in this place.
 D = Time resting spent in this place.
 E = Time spent auto-exploring this place.
 F = Levels seen in this place.
 G = Mean time per level.
                   A        B        C        D        E       F      G
               +--------+--------+--------+--------+--------+-----+--------+
         Total |   3250 |   3117 |    133 |    150 |   2524 |   4 |  812.5 |
       Dungeon |   3250 |   3117 |    133 |    150 |   2524 |   4 |  812.5 |
               +--------+--------+--------+--------+--------+-----+--------+

Top non-repeatable levels by time:
     D:1: 1189 daAuts
     D:2: 1035 daAuts
     D:3: 876 daAuts
     D:4: 148 daAuts

Table legend:
 A = Kills in this place as a percentage of kills in the entire game.
 B = Kills by you in this place as a percentage of kills by you in the entire game.
 C = Kills by friends in this place as a percentage of kills by friends in the entire game.
 D = Other kills in this place as a percentage of other kills in the entire game.
 E = Experience gained in this place as a percentage of experience gained in the entire game.
 F = Experience gained in this place divided by the number of levels of this place that you have seen.
                   A       B       C       D       E      F
               +-------+-------+-------+-------+-------+----------------------
         Total | 100.0 | 100.0 |   N/A |   N/A | 100.0 |  84.5
       Dungeon | 100.0 | 100.0 |   N/A |   N/A | 100.0 |  84.5
               +-------+-------+-------+-------+-------+----------------------
